 Dungeon Crawl Stone Soup version 0.14-a0-1721-g84c87b2 (webtiles) character file.

28 Kae the Firebug (level 2, -1/15 HPs)
             Began as a Tengu Fire Elementalist on Jan 2, 2014.
             Slain by a hobgoblin (4 damage)
             ... on Level 1 of the Dungeon.
             The game lasted 00:00:40 (234 turns).

Kae the Firebug (Tengu Fire Elementalist)            Turns: 234, Time: 00:00:40

HP  -1/15        AC  3     Str  8      XL: 2   Next:  4%
MP   0/5         EV 12     Int 15      God:
Gold 21          SH  0     Dex 14      Spells:  1 memorised,  4 levels left

rFire  . . .     SeeInvis .     (no weapon)
rCold  . . .     Clarity  .     a - +0 robe
rNeg   . . .     Conserve .     (no shield)
rPois  .         rCorr    .     (helmet restricted)
rElec  .         rRot     .     o - +0 cloak
SustAb . .       Spirit   .     (no gloves)
rMut   .         Warding  .     (boots unavailable)
Saprov . . .     Stasis   .     (no amulet)
                                (no ring)
                                (no ring)

@: very slightly contaminated, not resistant to hostile enchantments, fairly
stealthy
A: beak, talons 3
a: no special abilities


You were on level 1 of the Dungeon.
You were not hungry.

You visited 1 branch of the dungeon, and saw 1 of its levels.

You collected 21 gold pieces.

Inventory:

Armour
 a - a +0 robe (worn)
 o - a +0 cloak (worn)
Comestibles
 c - a bread ration
 h - a meat ration
 n - a choko
Scrolls
 g - a scroll of remove curse {unknown}
 j - a scroll of identify {unknown}
 l - a scroll of enchant armour {unknown}
 m - a scroll of fog {unknown}
Jewellery
 k - an uncursed ring of positive energy {unknown}
Potions
 d - a potion of agility {unknown}
 e - a potion of restore abilities {unknown}
 f - a potion of curing {unknown}
 i - a potion of speed {unknown}
Books
 b - a book of Flames

   Spells                             Type                      Level
   *Flame Tongue                      Conjuration/Fire             1
   Throw Flame                        Conjuration/Fire             2
   Conjure Flame                      Conjuration/Fire             3
   Inner Flame                        Hexes/Fire                   3
   Sticky Flame                       Conjuration/Fire             4
   Fireball                           Conjuration/Fire             5


   Skills:
 - Level 2.1 Dodging
 - Level 2.0 Stealth
 + Level 2.0 Spellcasting
 * Level 2.0 Conjurations
 * Level 3.7 Fire Magic


You had 4 spell levels left.
You knew the following spells:

 Your Spells              Type           Power        Failure   Level  Hunger
a - Flame Tongue          Conj/Fire      ##...        10%         1    #......


Dungeon Overview and Level Annotations

Branches:
Dungeon (1/16)

Altars:


Innate Abilities, Weirdness & Mutations

You have a beak for a mouth.
You have claws for feet.


Message History

You don't have enough magic to cast that spell.
Casting: Flame Tongue
Confirm with . or Enter, or press ? or * to list all spells.
You don't have enough magic to cast that spell.
Casting: Flame Tongue
Confirm with . or Enter, or press ? or * to list all spells.
You don't have enough magic to cast that spell.
The giant gecko bites you but does no damage.
You hit the giant gecko but do no damage.
The giant gecko barely misses you.
You barely miss the giant gecko. Your peck misses the giant gecko.
The giant gecko closely misses you. The giant gecko bites you.
* * * LOW HITPOINT WARNING * * *
You hit the giant gecko but do no damage.
You claw the giant gecko.
You kill the giant gecko!
Your Conjurations skill increases to level 2!
You have reached level 2!
The hobgoblin hits you.
You die...

..... ........# #.... ......
#...... #....
......###...#.# #....
.............#.########....
....%..)r.............#....
...........................
(.......###r###.######.##.##
....... #g# #.# #.##.# .
.....# #@# #.# ####.##.# .
###.### ###.###.###..>....#
. .... ...................#
.
##.########.###.###.......#
# #........##.# #.#
#.......# ######........##.#
#.# #.......#
#.............##.# #.#
#.......# #.............##.#
#.# #.......#
#.............##.# #.#
#######...


You could see a hobgoblin and a rat.

Vanquished Creatures
  A goblin (D:1)
  A kobold (D:1)
  A bat (D:1)
  2 giant geckos (D:1)
  2 giant newts (D:1)
7 creatures vanquished.

Notes
Turn   | Place    | Note
--------------------------------------------------------------
     0 | D:1      | Kae, the Tengu Fire Elementalist, began the quest for the Orb.
     0 | D:1      | Reached XP level 1. HP: 10/10 MP: 3/3
   234 | D:1      | Reached XP level 2. HP: 3/15 MP: 0/5
   234 | D:1      | Slain by a hobgoblin

Action                   || total
-------------------------++-------
Melee: Unarmed           ||     4
 Cast: Flame Tongue      ||     6
